 Dungeon Crawl Stone Soup version 0.19-a0-1341-g3513869 (webtiles) character file.

154 Amnesiac the Magician (level 5, 0/41 HPs)
             Began as a Mummy Monk on Sept 1, 2016.
             Was a Believer of Sif Muna.
             Slain by an orc
             ... wielding a +1 flail of protection
              (4 damage)
             ... on level 3 of the Dungeon.
             The game lasted 00:05:18 (2843 turns).

Amnesiac the Magician (Mummy Monk)                  Turns: 2843, Time: 00:05:19

Health: 0/41       AC:  3    Str: 15    XL:     5   Next: 13%
Magic:  10/10      EV: 13    Int: 10    God:    Sif Muna [**....]
Gold:   26         SH:  0    Dex: 14    Spells: 0 memorised, 11 levels left

rFire  x . .     SeeInvis .     o - +0 whip (vamp)
rCold  + . .     Gourm    .     b - +0 robe
rNeg   + + +     Faith    .     (no shield)
rPois  ∞         Spirit   .     (no helmet)
rElec  .         Dismiss  .     (no cloak)
rCorr  .         Reflect  .     d - +0 pair of gloves
MR     .....     Harm     .     (no boots)
Stlth  ++........               i - amulet of magic regeneration
                                (no ring)
                                (no ring)

@: no status effects
A: no food or potions, fire vulnerability, cold resistance 1, negative energy
resistance 3, torment resistance, unbreathing
a: Divine Energy, Renounce Religion


You were on level 3 of the Dungeon.
You worshipped Sif Muna.
Sif Muna was pleased with you.
You were not hungry.

You visited 1 branch of the dungeon, and saw 3 of its levels.

You collected 26 gold pieces.

Inventory:

Hand Weapons
 h - a +1 dagger of speed
 o - a +0 vampiric whip (weapon)
Armour
 b - a +0 robe (worn)
 d - a +0 pair of gloves (worn)
Jewellery
 i - an amulet of magic regeneration (around neck)
 l - a +2 amulet of reflection {unknown}
Scrolls
 a - 2 scrolls of identify
 c - a scroll of enchant weapon {unknown}
 e - 3 scrolls of remove curse
 f - a scroll of teleportation
 g - a scroll of recharging {unknown}
 j - a scroll of enchant armour {unknown}
 k - a scroll of fear {unknown}
 m - a scroll of immolation {unknown}
 n - a scroll of amnesia


   Skills:
 - Level 3.1 Fighting
 + Level 3.0 Short Blades
 - Level 2.5 Dodging
 - Level 1.8 Stealth
 * Level 3.6 Spellcasting


You had 11 spell levels left.
You didn't know any spells.

Dungeon Overview and Level Annotations

Branches:
Dungeon (3/15)

Altars:
Hepliaklqana
Sif Muna


Innate Abilities, Weirdness & Mutations

You do not eat or drink.
Your flesh is vulnerable to fire.
You are immune to poison.
Your flesh is cold resistant. (rC+)
You are immune to negative energy. (rN+++)
You are immune to unholy pain and torment.
You can survive without breathing.


Message History

The floor.
Unknown command.
Unknown command.
You closely miss the orc.
The orc is heavily wounded.
You closely miss the orc.
The orc is heavily wounded.
The orc closely misses you.
Wield which item (- for none, * to show all)? (? for menu, Esc to quit)
You feel an empty sense of dread.
o - a +0 vampiric whip (weapon)
You hit the orc but do no damage.
The orc is moderately wounded.
The orc hits you with a flail of protection!
* * * LOW HITPOINT WARNING * * *
Unknown command.
You hit the orc.
You feel better.
The orc is severely wounded.
The orc hits you with a flail of protection.
You die...

...#.........#
....#.........##.#
....##........##.#
.... ##.....#.##.#
.... ##...##.##.#
....#. ...#
#....#.##.. _.r...
#.# #.##.#.##.#
..?..# # #.##.#.##.#
.....# # ....
#......##@# .... .#
####
##.....##o####.####..
##
###.#.##..).........
... #.#.######..#.###
### #.........#...# #
###.#.###......#....
. #.#.#.# #.#.#..#
##. .
#.....###.#.#..#
#......##.#........


You could see an orc.

Vanquished Creatures
  An orc priest (D:3)
  4 adders (D:2)
  2 oozes (D:2)
  A worm (D:2)
  A dart slug (D:1)
  2 giant geckos
  6 orcs (D:3)
  7 bats
  2 giant cockroaches (D:3)
  7 goblins
  5 hobgoblins
  5 jackals
  3 quokkas
  A ball python (D:1)
  2 giant newts
  8 kobolds
  11 rats
68 creatures vanquished.

Notes
Turn   | Place    | Note
-------+----------+-------------------------------------------
     0 | D:1      | Amnesiac the Mummy Monk began the quest for the Orb.
     0 | D:1      | Reached XP level 1. HP: 18/18 MP: 1/1
   343 | D:2      | Found a deep blue altar of Sif Muna.
   434 | D:2      | Became a worshipper of Sif Muna the Loreminder
   434 | D:2      | Reached * piety under Sif Muna
   434 | D:2      | Reached ** piety under Sif Muna
   512 | D:1      | Reached XP level 2. HP: 19/24 MP: 2/2
   762 | D:1      | Reached skill level 1 in Spellcasting
  1100 | D:2      | Reached XP level 3. HP: 29/29 MP: 5/5
  1736 | D:2      | Reached XP level 4. HP: 32/35 MP: 8/8
  2540 | D:3      | Reached XP level 5. HP: 24/41 MP: 8/10
  2771 | D:3      | Found a hazy altar of Hepliaklqana.
  2842 | D:3      | HP: 1/41 [orc/flail of protection (10)]
  2843 | D:3      | Slain by an orc

Vault maps used:
D:1:      roderic_chinese_lattice_arrival, minmay_small_reverse_x
D:2:      lemuel_blue_sif_altar
D:3:      lemuel_castle_with_subvaults, gammafunk_temple_overflow_wave,
          old_standard_altar

Skill      XL: |  1  2  3  4  5 |
---------------+----------------+-----
Spellcasting   | 1 2 3 |  3.6
Short Blades   | 3 |  3.0
Fighting       | |  3.1
Dodging        | |  2.5
Stealth        | |  1.8

Action                   |  1- 3 |  4- 6 || total
-------------------------+-------+-------++-------
Melee: Short sword       |    80 |       ||    80
       Dagger            |   114 |   206 ||   320
       Whip              |       |     9 ||     9
  Use: Scroll            |       |     3 ||     3
 Stab: Sleeping          |     4 |     3 ||     7
Armor: Robe              |    35 |    22 ||    57
Dodge: Dodged            |   106 |    89 ||   195
